 Dungeon Crawl Stone Soup version 0.30-a0-4-ga7cffc901d (webtiles) character file.

Game seed: 6699554771108651978

100 BritishOli the Trooper (level 4, 0/37 HPs)
             Began as a Demonspawn Fighter on Aug 20, 2022.
             Splashed by a jelly's acid (5 damage)
             ... on level 4 of the Dungeon on Aug 21, 2022.
             The game lasted 00:02:41 (3161 turns).

BritishOli the Trooper (Demonspawn Fighter)         Turns: 3161, Time: 00:02:42

Health: 0/37       AC:  0    Str: 18    XL:     4   Next: 47%
Magic:  4/4        EV: 10    Int: 10    God:
Gold:   218        SH:  4    Dex: 12    Spells: 3/3 levels left

rFire   . . .      SeeInvis .    a - +0 long sword
rCold   . . .      Faith    .    c - +0 buckler
rNeg    . . .      Spirit   .    b - +0 scale mail
rPois   .          Reflect  .    (no helmet)
rElec   .          Harm     .    (no cloak)
rCorr   .          Rampage  .    (no gloves)
Will    .....                    i - +0 pair of boots
Stlth   +.........               (no amulet)
HPRegen 0.12/turn                j - ring of flight
MPRegen 0.09/turn                (no ring)

@: corroded, flying
A: sturdy frame 2
a: no special abilities


You were on level 4 of the Dungeon.
You visited 1 branch of the dungeon, and saw 4 of its levels.

You collected 218 gold pieces.

Inventory:

Hand Weapons
 a - a +0 long sword (weapon)
Armour
 b - a +0 scale mail (worn)
 c - a +0 buckler (worn)
 i - a +0 pair of boots (worn)
Jewellery
 h - a ring of willpower
 j - a ring of flight (left hand)
 o - a ring of willpower
Wands
 p - a wand of charming (7)
Scrolls
 e - 3 scrolls of identify {unknown}
 f - a scroll of amnesia {unknown}
 g - a scroll of enchant armour {unknown}
 q - 3 scrolls of fear {unknown}
 s - a scroll of immolation {unknown}
 u - a scroll of poison {unknown}
Potions
 d - a potion of might
 k - a potion of ambrosia {unknown}
 l - a potion of flight {unknown}
 m - a potion of attraction {unknown}
 n - 2 potions of mutation {unknown}
 r - a potion of curing {unknown}
 t - a potion of haste {unknown}


   Skills:
 + Level 3.7 Fighting
 + Level 2.6 Long Blades
 + Level 3.3 Armour
 + Level 3.3 Shields


You had 3 spell levels left.
You didn't know any spells.
Your spell library contained the following spells:

 Spells                   Type           Power      Damage    Failure   Level
 Ensorcelled Hibernation  Hex/Ice        0%         N/A       75%         2
 Passwall                 Tmut/Erth      0%         N/A       75%         2
 Swiftness                Air            0%         N/A       92%         3


Dungeon Overview and Level Annotations

Branches:
Dungeon (4/15)
 Temple: D:4-7

Altars:
Fedhas
Makhleb
Nemelex Xobeh
Okawaru
Uskayaw


Innate Abilities, Weirdness & Mutations

Your movements are less encumbered by armour. (ER -4)


Message History

There is a stone staircase leading down here.
You fly downwards.
There is a stone staircase leading up here.
Found a leather armour.
No target in view!
Found 4 stones.
No target in view!
Found a white marble altar of Elyvilon.
No target in view!
A hound comes into view.
Found an iron altar of Okawaru.
The hound moves out of view.
No target in view!
Key pressed, stopping explore.
No target in view!
No target in view!
A jelly comes into view.
The jelly quivers.
You hit the jelly.
Your hands burn!
The jelly is moderately wounded.
The jelly misses you.
A jelly is nearby!
You hit the jelly. The acid corrodes you!
Your hands burn!
The jelly is moderately wounded.
The jelly hits you.
You are splashed with acid!
You hit the jelly.
Your hands burn!
The jelly is severely wounded.
You block the jelly's attack.
You barely miss the jelly.
The jelly is severely wounded.
The jelly hits you.
You are splashed with acid!
* * * LOW HITPOINT WARNING * * *
The jelly barely misses you.
You are too injured to fight recklessly!
You are too injured to fight recklessly!
You hit the jelly but do no damage.
Your hands burn!
* * * LOW HITPOINT WARNING * * *
The jelly is severely wounded.
The jelly barely misses you.
You hit the jelly but do no damage. The acid corrodes you!
Your hands burn!
You die...

#.≈.#_.≈≈.#.≈.#.#
#.#.≈.#...≈.#.≈.#.#
#≈.#.≈.#...≈.#.≈..#
#≈.#.≈.##._≈.#.≈..#
#≈.#.≈...≈≈≈.#.≈..#
##≈.#.≈≈≈≈....#[≈..#
#.≈.#.....#####.≈..#
#.≈J######......≈.##
#.≈.@.....≈≈≈≈≈≈≈.#
#....≈≈≈≈≈≈≈≈........#
####........#########
##########


You could see a jelly.

Vanquished Creatures
  Terence (D:2)
  An adder (D:3)
  A worm (D:3)
  5 dart slugs
  6 ball pythons
  6 endoplasms
  7 goblins
  7 hobgoblins
  5 kobolds
  A bat (D:1)
  7 frilled lizards
  6 rats
53 creatures vanquished.

Notes
Turn   | Place    | Note
-------+----------+-------------------------------------------
     0 | D:1      | BritishOli the Demonspawn Fighter began the quest for the
                  | Orb.
     0 | D:1      | Reached XP level 1. HP: 18/18 MP: 1/1
   434 | D:1      | Gained mutation: Your movements are slightly less
                  | encumbered by armour. (ER -2) [demonic ancestry]
   434 | D:1      | Reached XP level 2. HP: 19/24 MP: 2/2
  1230 | D:1      | You fall into a shaft and drop 1 floor!
  1334 | D:2      | Reached XP level 3. HP: 25/29 MP: 3/3
  1670 | D:2      | Noticed Terence
  1679 | D:2      | Killed Terence
  1834 | D:2      | Upgraded the game from 0.30-a0-3-gc9032a9cac to
                  | 0.30-a0-4-ga7cffc901d
  2087 | D:2      | Gained mutation: Your movements are less encumbered by
                  | armour. (ER -4) [demonic ancestry]
  2087 | D:2      | Reached XP level 4. HP: 35/35 MP: 4/4
  2374 | D:3      | Found a burning altar of Makhleb.
  2521 | D:3      | Found a faded altar of an unknown god.
  2671 | D:3      | Found a hide-covered altar of Uskayaw.
  2671 | D:3      | Noticed a +0 dagger
  2671 | D:3      | Noticed a +0 dagger
  2755 | D:3      | Found a sparkling altar of Nemelex Xobeh.
  3006 | D:3      | Found a blossoming altar of Fedhas.
  3142 | D:4      | Found an iron altar of Okawaru.
  3161 | D:4      | Splashed by a jelly's acid

Illustrated notes

Levels and vault maps discovered:
D:1:      dpeg_arrival_refuge, layout_basic
D:2:      layout_loops_ring, uniq_terence
D:3:      layout_loops_cross, mainiacjoe_overflow_surrounded_room,
          dancing_weapons_uskayaw, mainiacjoe_overflow_small_starburst,
          nemelex_xobeh_ov_fountains_minmay, ebering_ecumenical_altar_webs
D:4:      layout_loops_ring, nicolae_overflow_squiral, grunt_qazlal_clouds,
          trog_hazing_becter, ebering_dispersal_statue_hall

Skill      XL: |  1  2 |
---------------+-------+-----
Long Blades    | 2 |  2.6
Shields        | 3 |  3.3
Armour         | 3 |  3.3
Fighting       | |  3.7

Action                   |  1- 3 |  4- 6 || total
-------------------------+-------+-------++-------
Melee: Long sword        |   114 |    71 ||   185
Armor: Scale mail        |    39 |    35 ||    74
Dodge: Dodged            |    48 |    31 ||    79
Block: Buckler           |    32 |    17 ||    49

Table legend: (Time is in decaauts)
 A = Elapsed time spent in this place.
 B = Non-inter-level travel time spent in this place.
 C = Inter-level travel time spent in this place.
 D = Time resting spent in this place.
 E = Time spent auto-exploring this place.
 F = Levels seen in this place.
 G = Mean time per level.
                   A        B        C        D        E       F      G
               +--------+--------+--------+--------+--------+-----+--------+
         Total |   3219 |   3164 |     55 |    171 |   2533 |   4 |  804.8 |
       Dungeon |   3219 |   3164 |     55 |    171 |   2533 |   4 |  804.8 |
               +--------+--------+--------+--------+--------+-----+--------+

Top non-repeatable levels by time:
     D:1: 1250 daAuts
     D:2: 1088 daAuts
     D:3: 841 daAuts
     D:4: 39 daAuts
